 Dungeon Crawl Stone Soup version 0.30-a0-1160-g6e42c06551 (webtiles) character file.

Game seed: 10269201049876366555

114 AleXD21137 the Ruffian (level 4, -13/40 HPs)
             Began as a Ghoul Monk on Apr 26, 2023.
             Was a Priest of Fedhas.
             Mangled by an ogre
             ... wielding a +0 giant club
              (26 damage)
             ... on level 4 of the Dungeon.
             The game lasted 00:14:33 (2583 turns).

AleXD21137 the Ruffian (Ghoul Monk)                 Turns: 2583, Time: 00:14:33

Health: -13/40     AC:  2    Str: 14    XL:     4   Next: 98%
Magic:  3/3        EV: 12    Int:  7    God:    Fedhas [***...]
Gold:   141        SH:  0    Dex: 11    Spells: 3/3 levels left

rFire   . . .        f - +2 whip (elec)
rCold   + . .        c - orb {light}
rNeg    + + +        a - +0 robe
rPois   ∞            (no helmet)
rElec   .            (no cloak)
rCorr   .            (no gloves)
SInv    .            (no boots)
Will    .....        l - amulet of faith
Stlth   +            (no ring)
HPRegen 0.00/turn    (no ring)
MPRegen 0.08/turn

%: faith
@: inhibited regen, glowing
A: claws 1, cold resistance 1, negative energy resistance 3, inhibited
regeneration, torment resistance 2, devour on kill
a: Renounce Religion, Wall of Briars, Grow Ballistomycete


You were on level 4 of the Dungeon.
You worshipped Fedhas.
Fedhas was most pleased with you.
You visited 1 branch of the dungeon, and saw 4 of its levels.

You collected 141 gold pieces.

Inventory:

Hand Weapons
 f - a +2 whip of electrocution (weapon)
Armour
 a - a +0 robe (worn)
 c - an orb of light (worn)
Jewellery
 l - an amulet of faith (around neck)
Scrolls
 d - 3 scrolls of identify
 g - a scroll of immolation {unknown}
 n - 3 scrolls of amnesia
Potions
 b - a potion of ambrosia
 e - a potion of invisibility
 h - a potion of curing {unknown}
 i - a potion of might


   Skills:
 + Level 3.8 Fighting
 + Level 3.1 Dodging
 + Level 1.0 Stealth
 + Level 5.1 Unarmed Combat


You had 3 spell levels left.
You didn't know any spells.
Your spell library was empty.

Dungeon Overview and Level Annotations

Branches:
Dungeon (4/15)
 Temple: D:4-7

Altars:
Fedhas


Innate Abilities, Weirdness & Mutations

You are immune to poison.
You have sharp fingernails.
Your flesh is cold resistant. (rC+)
You are immune to negative energy. (rN+++)
You do not regenerate when monsters are visible.
You are immune to unholy pain and torment.
You thrive by killing the living.


Message History

You hit the kobold.
You kill the kobold!
Fedhas appreciates your contribution to the ecosystem.
You feel better.
Things that are here:
a +0 club; a stone; a kobold corpse
Things that are here:
a +0 trident; a +0 ring mail
Found a stone staircase leading down.
Found a green potion.
n - 3 scrolls of amnesia (gained 1)
There are no items here.
As you read the scroll labelled ZUKIED SEPUSO, it crumbles to dust.
Magic quickly surges around you.
It was a scroll of vulnerability.
A ball python comes into view.
The ball python hisses angrily.
You see here a green potion.
You see here a green potion.
h - a green potion The ball python bites you.
The ball python barely misses you.
You hit the ball python.
You kill the ball python!
Fedhas appreciates your contribution to the ecosystem.
You feel better.
You feel your willpower return.
HP restored.
An ogre comes into view. It is wielding a +0 giant club.
You now have 141 gold pieces (gained 17).
The ogre shouts!
The ogre hits you with a +0 giant club!!
Ouch! That really hurt!
An adder comes into view.
The adder hisses angrily.
The ogre barely misses you.
The adder moves out of view.
You hit the ogre. Lightning courses through the ogre!
The ogre is heavily wounded.
The ogre hits you with a +0 giant club!!
Ouch! That really hurt!
You die...
Fedhas appreciates your contribution to the ecosystem.

......# #....###..
......###....#....
..................
......#........S#######.
.##.####<.......#.......
..#..# ##..........#..
....####.)).........#
#...#........#.....#
................@O####
.....................#
..).#................#
>...#.>..........##..#
...............#######
.#...........#.#
####.....#..#### #
#.....#### # ##..###


You could see an ogre and an adder.

Vanquished Creatures
  An orc wizard (D:3)
  4 adders
  A worm (D:3)
  A dart slug (D:2)
  5 orcs
  9 endoplasms
  A hobgoblin (D:3)
  3 kobolds
  2 quokkas
  3 ball pythons
  5 bats
  5 frilled lizards
  5 goblins
  2 rats
47 creatures vanquished.

Notes
Turn   | Place    | Note
-------+----------+-------------------------------------------
     0 | D:1      | AleXD21137 the Ghoul Monk began the quest for the Orb.
     0 | D:1      | Reached XP level 1. HP: 19/19 MP: 0/0
   214 | D:1      | Reached XP level 2. HP: 22/26 MP: 1/1
   402 | D:1      | Found a faded altar of an unknown god.
   414 | D:1      | Prayed at the altar of an unknown god.
   414 | D:1      | Became a worshipper of Fedhas Madash
   414 | D:1      | Reached * piety under Fedhas
   414 | D:1      | Reached ** piety under Fedhas
  1035 | D:2      | Reached *** piety under Fedhas
  1045 | D:2      | Reached skill level 4 in Unarmed Combat
  1069 | D:2      | Reached XP level 3. HP: 31/31 MP: 2/2
  1669 | D:3      | Reached XP level 4. HP: 40/40 MP: 3/3
  1937 | D:3      | Reached skill level 1 in Stealth
  1940 | D:3      | Reached skill level 5 in Unarmed Combat
  2574 | D:4      | Noticed an ogre
  2583 | D:4      | Mangled by an ogre

Illustrated notes

Levels and vault maps discovered:
D:1:      scummos_arrival_gate, layout_basic,
          hellmonk_ecumenical_altar_arch_garden
D:2:      layout_loops_ring
D:3:      layout_loops_ring
D:4:      layout_cave_pools, minmay_temple_entry_junction, minmay_ruined_shrine

Skill      XL: |  1  2  3  4 |
---------------+-------------+-----
Unarmed Combat | 4 5 |  5.1
Dodging        | 3 |  3.1
Stealth        | 1 |  1.0
Fighting       | |  3.8

Action                     |  1- 3 |  4- 6 || total
---------------------------+-------+-------++-------
  Melee: Unarmed           |    64 |    21 ||    85
         Whip              |       |    15 ||    15
    Use: Scroll            |     4 |     1 ||     5
         Potion            |     2 |     3 ||     5
 Armour: Robe              |    10 |     4 ||    14
  Dodge: Dodged            |    31 |    32 ||    63

Table legend: (Time is in decaauts)
 A = Elapsed time spent in this place.
 B = Non-inter-level travel time spent in this place.
 C = Inter-level travel time spent in this place.
 D = Time resting spent in this place.
 E = Time spent auto-exploring this place.
 F = Levels seen in this place.
 G = Mean time per level.
                   A        B        C        D        E       F      G
               +--------+--------+--------+--------+--------+-----+--------+
         Total |   2580 |   2577 |      3 |      0 |   1134 |   4 |  645.0 |
       Dungeon |   2580 |   2577 |      3 |      0 |   1134 |   4 |  645.0 |
               +--------+--------+--------+--------+--------+-----+--------+

Top non-repeatable levels by time:
     D:1: 906 daAuts
     D:2: 781 daAuts
     D:3: 756 daAuts
     D:4: 136 daAuts
